 Dungeon Crawl Stone Soup version 0.22.1-2-g9c5b331 (webtiles) character file.

333 Lilu the Magician (level 6, 0/34 HPs)
             Began as a Deep Elf Wizard on Dec 16, 2018.
             Slain by a gnoll
             ... wielding a +0 halberd
              (4 damage)
             ... on level 4 of the Dungeon.
             The game lasted 00:11:22 (3145 turns).

Lilu the Magician (Deep Elf Wizard)                 Turns: 3145, Time: 00:11:23

Health: 0/34       AC:  3    Str:  4    XL:     6   Next: 27%
Magic:  15/17      EV: 12    Int: 25    God:
Gold:   120        SH:  0    Dex: 13    Spells: 6/17 levels left

rFire    . . .     SeeInvis .   q - -2 blowgun (curse)
rCold    . . .     Gourm    .   (no shield)
rNeg     . . .     Faith    .   n - +0 leather armour
rPois    .         Spirit   .   b - +0 hat
rElec    .         Reflect  .   (no cloak)
rCorr    .         Harm     .   (no gloves)
MR       .....                  (no boots)
Stlth    ++........             e - amulet of regeneration
HPRegen  0.51/turn              (no ring)
MPRegen  0.15/turn              (no ring)

@: berserk cooldown, slowed, very slow
A: no striking features
a: no special abilities


You were on level 4 of the Dungeon.
You were hungry.

You visited 1 branch of the dungeon, and saw 4 of its levels.

You collected 120 gold pieces.

Inventory:

Hand Weapons
 o - a +0 blowgun
 p - a +0 whip
 q - a cursed -2 blowgun (weapon)
Missiles
 f - 76 poisoned needles (quivered)
Armour
 b - a +0 hat (worn)
 n - a +0 leather armour (worn)
Jewellery
 e - an amulet of regeneration (around neck)
Scrolls
 h - 5 scrolls of identify {unknown}
 i - 6 scrolls of teleportation {unknown}
 j - 3 scrolls of remove curse {unknown}
 m - a scroll of magic mapping {unknown}
Potions
 c - a potion of mutation {unknown}
 g - a potion of resistance {unknown}
 k - a potion of lignification {unknown}
 l - a potion of berserk rage
Comestibles
 d - 4 rations


   Skills:
 + Level 1.5 Fighting
 + Level 3.2 Dodging
 - Level 2.4 Stealth
 - Level 6.0 Spellcasting
 + Level 5.2 Conjurations
 - Level 1.1 Summonings
 - Level 1.1 Translocations


You had 6 spell levels left.
You knew the following spells:

 Your Spells              Type           Power        Failure   Level  Hunger
a - Magic Dart            Conj           ####         1%          1    None
b - Call Imp              Summ           ##......     13%         2    None
c - Mephitic Cloud        Conj/Pois/Air  ###.....     19%         3    None
d - Conjure Flame         Conj/Fire      ###.....     14%         3    None
e - Blink                 Tloc           N/A          13%         2    None

Your spell library contained the following spells:

 Spells                   Type           Power        Failure   Level  Hunger
 Slow                     Hex            #.......     21%         2    None


Dungeon Overview and Level Annotations

Branches:
Dungeon (4/15)
 Temple: D:4-7

Altars:
Makhleb


Message History

Items here: )) †† a halberd; a spear; a gnoll corpse x2
The gnoll hits you from afar with a halberd.
The gnoll hits you from afar with a halberd!
* * * LOW HITPOINT WARNING * * *
The gnoll closely misses you.
The gnoll hits you from afar with a halberd.
* * * LOW HITPOINT WARNING * * *
It was a potion of berserk rage.
A red film seems to cover your vision as you go berserk!
You feel yourself moving faster!
You feel mighty!
The gnoll hits you from afar with a halberd.
* * * LOW HITPOINT WARNING * * *
You feel a strong urge to attack something.
You feel your anger nearly subside.
You are no longer berserk.
You are exhausted.
You feel yourself slow down.
The gnoll hits you from afar with a halberd.
You die...

#)# #.# #.#
#.#####
#.....#
#####.# #.#
#########.#
#...@.g...#
#.#########
#.##....#
#.##.##.#
#.##.##.#
#.##.##.#
#.##.##.#
#....##.#
#######.#


You could see a gnoll.

Vanquished Creatures
  A howler monkey (D:3)
  A hound (D:2)
  2 orc priests (D:3)
  A gnoll shaman (D:4)
  An orc wizard (D:3)
  4 gnolls (D:4)
  4 adders
  An ooze (D:2)
  2 worms
  2 dart slugs
  5 leopard geckos
  5 orcs
  A giant cockroach (D:1)
  6 goblins
  7 hobgoblins
  3 jackals (D:3)
  A quokka (D:2)
  6 bats
  4 frilled lizards
  7 kobolds
  9 rats
73 creatures vanquished.

Notes
Turn   | Place    | Note
-------+----------+-------------------------------------------
     0 | D:1      | Lilu the Deep Elf Wizard began the quest for the Orb.
     0 | D:1      | Reached XP level 1. HP: 10/10 MP: 7/7
   393 | D:1      | Reached XP level 2. HP: 15/15 MP: 7/9
   397 | D:1      | Learned a level 2 spell: Call Imp
   717 | D:2      | Reached skill level 5 in Spellcasting
   815 | D:2      | Reached XP level 3. HP: 19/19 MP: 5/11
   820 | D:2      | Learned a level 3 spell: Mephitic Cloud
   824 | D:2      | Learned a level 3 spell: Conjure Flame
  1484 | D:2      | Reached XP level 4. HP: 17/24 MP: 8/13
  1636 | D:2      | Found a burning altar of Makhleb.
  1692 | D:2      | Learned a level 2 spell: Blink
  2089 | D:2      | Reached XP level 5. HP: 14/28 MP: 6/15
  2273 | D:3      | Reached skill level 6 in Spellcasting
  2614 | D:3      | Found a faded altar of an unknown god.
  2723 | D:3      | Reached skill level 1 in Fighting
  2770 | D:4      | Noticed a phantom
  2776 | D:3      | Reached skill level 5 in Conjurations
  2776 | D:3      | Reached XP level 6. HP: 30/34 MP: 12/17
  3145 | D:4      | Slain by a gnoll

Skill      XL: |  1  2  3  4  5  6 |
---------------+-------------------+-----
Conjurations   | 2 3 4 5 |  5.2
Spellcasting   | 5 6 |  6.0
Fighting       | 1 |  1.5
Dodging        | 3 |  3.2
Stealth        | |  2.4
Summonings     | |  1.1
Translocations | |  1.1

Action                   |  1- 3 |  4- 6 || total
-------------------------+-------+-------++-------
Melee: Whip              |       |     1 ||     1
 Cast: Magic Dart        |    96 |   102 ||   198
       Call Imp          |       |     3 ||     3
       Conjure Flame     |       |     1 ||     1
  Use: Potion            |       |     1 ||     1
  Eat: Chunk             |     2 |     4 ||     6
Armor: Robe              |     3 |       ||     3
       Leather armour    |       |     4 ||     4
Dodge: Dodged            |     8 |    17 ||    25
